 Dungeon Crawl Stone Soup version 0.25-a0-277-g7046ed1 (webtiles) character file.

Game seed: 9718144311780986129, levelgen mode: deterministic

144 silenth the Cudgeler (level 4, -5/38 HPs)
             Began as a Demigod Gladiator on Dec 9, 2019.
             Killed from afar by an orc wizard (7 damage)
             ... with a puff of flame
             ... on level 3 of the Dungeon.
             The game lasted 00:02:50 (2385 turns).

silenth the Cudgeler (Demigod Gladiator)            Turns: 2385, Time: 00:02:51

Health: -5/38      AC:  9    Str: 24    XL:     4   Next: 76%
Magic:  6/6        EV: 11    Int: 12    God:
Gold:   179        SH:  0    Dex: 17    Spells: 3/3 levels left

rFire    . . .     SeeInvis .   a - +0 flail
rCold    . . .     Gourm    .   (no shield)
rNeg     . . .     Faith    .   f - +0 chain mail
rPois    .         Spirit   .   c - +0 helmet
rElec    .         Reflect  .   (no cloak)
rCorr    +         Harm     .   (no gloves)
MR       .....                  (no boots)
Stlth    ..........             (no amulet)
HPRegen  0.12/turn              h - +2 ring of evasion
MPRegen  0.10/turn              i - ring of resist corrosion

@: mighty
A: high mp 1
a: no special abilities


You were on level 3 of the Dungeon.
You were not hungry.

You visited 1 branch of the dungeon, and saw 3 of its levels.

You collected 179 gold pieces.

Inventory:

Hand Weapons
 a - a +0 flail (weapon)
Missiles
 d - 2 throwing nets (quivered)
Armour
 b - a +0 leather armour
 c - a +0 helmet (worn)
 f - a +0 chain mail (worn)
Jewellery
 h - a +2 ring of evasion (left hand)
 i - a ring of resist corrosion (right hand)
Wands
 m - a wand of paralysis (1)
Scrolls
 g - a scroll of amnesia {unknown}
 j - a scroll of random uselessness {unknown}
 k - 3 scrolls of remove curse {unknown}
 o - 2 scrolls of identify {unknown}
Potions
 l - a potion of might
Comestibles
 e - 3 rations


   Skills:
 + Level 3.0 Fighting
 * Level 4.6 Maces & Flails
 - Level 1.7 Throwing
 - Level 2.6 Dodging


You had 3 spell levels left.
You didn't know any spells.
Your spell library was empty.

Dungeon Overview and Level Annotations

Branches:
Dungeon (3/15)


Innate Abilities, Weirdness & Mutations

You have an increased reservoir of magic. (+10% MP)


Message History

The orc wizard hits you but does no damage.
You barely miss the orc wizard.
The orc wizard is almost dead.
The orc priest hits you with a +0 war axe!
The orc wizard casts a spell at you. The puff of flame hits you!
* * * LOW HITPOINT WARNING * * *
You are too injured to fight recklessly!
You are too injured to fight recklessly!
You closely miss the orc priest. The orc priest barely misses you.
The orc wizard hits you but does no damage.
It was a potion of might.
You feel very mighty all of a sudden.
The orc priest hits you with a +0 war axe!
* * * LOW HITPOINT WARNING * * *
The orc wizard hits you but does no damage.
You closely miss the orc priest. The orc wizard casts a spell at you.
The puff of flame hits you!
You die...

▒(.▒ ####. ▒..▒§§§§§8§§§§§▒
#. ▒<.▒§§§§▒▒▒§§§§▒ #.
▒..▒§§§§▒⚑▒§§§§ #.
▒..▒§§§§▒.▒§§§ #.
▒..▒§§§§▒.▒§§ #.
▒.#▒§§§§▒.▒§ #.
▒.#▒▒▒▒▒▒o▒▒▒▒▒▒##########.
▒▒
#.#......o@...##...........
#.
#......##...#.##.##########
##o######.# #####....#
...o....S.# ####.#
..o<......# #.# #$..#######
#.# ##### ..# ###


You could see a diamond obelisk, an orc priest and an orc wizard.

Vanquished Creatures
  An orc wizard (D:2)
  Ijyb (D:3)
  3 adders
  A leopard gecko (D:2)
  5 orcs (D:3)
  9 bats
  2 giant cockroaches
  3 goblins
  8 hobgoblins
  7 jackals
  A ball python (D:3)
  4 frilled lizards
  5 kobolds
  5 rats
55 creatures vanquished.

Notes
Turn   | Place    | Note
-------+----------+-------------------------------------------
     0 | D:1      | silenth the Demigod Gladiator began the quest for the Orb.
     0 | D:1      | Reached XP level 1. HP: 17/17 MP: 3/3
   132 | D:1      | Reached skill level 3 in Maces & Flails
   136 | D:1      | Reached skill level 2 in Fighting
   210 | D:1      | Reached XP level 2. HP: 24/24 MP: 4/4
   933 | D:2      | Found a bloodstained altar of Trog.
  1018 | D:2      | Found a basalt altar of Yredelemnul.
  1135 | D:2      | Found a shattered altar of Ashenzari.
  1289 | D:2      | Reached XP level 3. HP: 19/30 MP: 5/5
  1548 | D:2      | Reached skill level 4 in Maces & Flails
  1738 | D:3      | Reached XP level 4. HP: 27/37 MP: 6/6
  1963 | D:3      | Noticed Ijyb
  1975 | D:3      | Paralysed by Ijyb for 7 turns
  1982 | D:3      | Killed Ijyb
  2043 | D:3      | Reached skill level 3 in Fighting
  2371 | D:3      | Found a stormy altar of Qazlal.
  2384 | D:3      | HP: 1/38 [orc priest/+0 war axe (9)]
  2385 | D:3      | Killed from afar by an orc wizard

Levels and vault maps discovered:
D:1:      dpeg_arrival_leaves_temple_mockup, layout_basic
D:2:      layout_loops_ring, nicolae_overflow_crystal_walls, ashenzari_altar_1,
          bloody_trog
D:3:      layout_loops_ring, nicolae_qazlal_eye_of_the_storm,
          lightli_temple_of_fire, uniq_ijyb

Skill      XL: |  1  2  3  4 |
---------------+-------------+-----
Maces & Flails | 3 4 |  4.6
Fighting       | 2 3 |  3.0
Throwing       | |  1.7
Dodging        | |  2.6

Action                   |  1- 3 |  4- 6 || total
-------------------------+-------+-------++-------
Melee: Flail             |   143 |    64 ||   207
Throw: Throwing net      |       |     1 ||     1
  Use: Potion            |       |     1 ||     1
 Stab: Sleeping          |     1 |       ||     1
  Eat: Chunk             |     3 |       ||     3
       Ration            |       |     1 ||     1
Armor: Chain mail        |   101 |    51 ||   152
       Leather armour    |     2 |       ||     2
Dodge: Dodged            |   107 |    33 ||   140

Table legend:
 A = Non-vault XP
 B = Vault XP
 C = Vault XP percentage of total XP
 D = Non-vault monster count
 E = Vault monster count
 F = Vault count percentage of total count
                 A         B        C        D         E       F
            +---------+---------+-------+---------+---------+-------
      Total |     170 |      36 |  17.5 |      54 |       1 |   1.8
            +---------+---------+-------+---------+---------+-------
        D:1 |      24 |       0 |   0.0 |      16 |       0 |   0.0
        D:2 |      81 |       0 |   0.0 |      17 |       0 |   0.0
        D:3 |      65 |      36 |  35.6 |      21 |       1 |   4.5
            +---------+---------+-------+---------+---------+-------
